 Dungeon Crawl Stone Soup version 0.27-a0-1036-g8e1b44f6bd (webtiles) character file.

Game seed: 204191402281364047

50 siradein the Slasher (level 3, -3/31 HPs)
             Began as a Hill Orc Fighter on Apr 18, 2021.
             Slain by an adder (4 damage)
             ... on level 2 of the Dungeon.
             The game lasted 00:01:54 (922 turns).

siradein the Slasher (Hill Orc Fighter)              Turns: 922, Time: 00:01:55

Health: -3/31      AC:  6    Str: 18    XL:     3   Next: 79%
Magic:  3/3        EV:  7    Int:  8    God:
Gold:   69         SH:  9    Dex: 11    Spells: 2/2 levels left

rFire    . . .     SeeInvis .   j - +2 whip (vamp)
rCold    . . .     Faith    .   c - +0 kite shield
rNeg     . . .     Spirit   .   b - +0 scale mail
rPois    .         Reflect  .   (no helmet)
rElec    .         Harm     .   (no cloak)
rCorr    .         Rampage  .   (no gloves)
Will     .....                  (no boots)
Stlth    ..........             (no amulet)
HPRegen  0.10/turn              (no ring)
MPRegen  0.08/turn              (no ring)

@: lethally poisoned (-3 -> -7)
A: no striking features
a: no special abilities


You were on level 2 of the Dungeon.
You visited 1 branch of the dungeon, and saw 2 of its levels.

You collected 69 gold pieces.

Inventory:

Hand Weapons
 a - a +0 long sword
 j - a +2 vampiric whip (weapon)
Armour
 b - a +0 scale mail (worn)
 c - a +0 kite shield (worn)
Scrolls
 f - a scroll of noise {unknown}
 h - a scroll of teleportation {unknown}
 i - 2 scrolls of identify {unknown}
Potions
 d - a potion of might
 e - 2 potions of magic {unknown}
 g - a potion of resistance {unknown}
 k - a potion of lignification {unknown}


   Skills:
 - Level 3.6 Fighting
 + Level 4.4 Long Blades
 - Level 3.2 Armour
 - Level 3.2 Shields


You had 2 spell levels left.
You didn't know any spells.
Your spell library was empty.

Dungeon Overview and Level Annotations

Branches:
Dungeon (2/15)

Altars:


Message History

An adder is nearby!
The adder hisses angrily.
Things that are here:
a worm corpse; an adder corpse A kobold comes into view.
It is wielding a +0 trident.
The kobold shouts!
The adder bites you.
You barely miss the adder. The adder bites you.
You miss the adder. You block the adder's attack. The adder closely misses you.
The kobold hits you but does no damage.
You barely miss the adder. The adder bites you but does no damage.
The kobold hits you from afar with a +0 trident!
The adder bites you.
You are poisoned.
The adder poisons you!
You closely miss the adder.
You feel sick. You block the kobold's attack.
The adder bites you but does no damage.
The kobold hits you from afar with a +0 trident.
The adder bites you but does no damage.
You are too injured to fight recklessly!
You are too injured to fight recklessly!
You are too injured to fight recklessly!
You feel sick.
You feel sick.
Things that are here:
a worm corpse; an adder corpse You feel sick.
The adder barely misses you.
You miss the adder.
You feel sick.
You are no longer poisoned.
You block the adder's attack. The kobold closely misses you.
You closely miss the adder. The adder bites you.
* * * LOW HITPOINT WARNING * * *
You are lethally poisoned!
The adder poisons you! You block the kobold's attack.
The adder bites you but does no damage.
You closely miss the adder.
* * * LOW HITPOINT WARNING * * *
You feel very sick. You block the kobold's attack. The adder bites you.
You die...

# #.# #.<#.#.# .^ #.#
#....#.# ##. #.# #.#
#..###.# ....
##.###.###......#
.#..##....††....######
. ...........#####
..##.....##..#
........†##..#
..#.....KS@..#
.........##.###
.#.............
....!...........
.................#
.##.###..#######.# #
...# # ####


You could see an adder and a kobold.

Vanquished Creatures
  An adder (D:2)
  A worm (D:2)
  2 dart slugs (D:1)
  3 endoplasms (D:1)
  A giant cockroach (D:1)
  3 goblins (D:1)
  A hobgoblin (D:2)
  4 jackals
  A quokka (D:1)
  2 ball pythons
  9 frilled lizards (D:1)
  3 kobolds (D:1)
  5 rats
36 creatures vanquished.

Notes
Turn   | Place    | Note
-------+----------+-------------------------------------------
     0 | D:1      | siradein the Hill Orc Fighter began the quest for the Orb.
     0 | D:1      | Reached XP level 1. HP: 19/19 MP: 1/1
    92 | D:1      | Reached skill level 3 in Long Blades
    92 | D:1      | Reached XP level 2. HP: 26/26 MP: 2/2
   431 | D:1      | Reached XP level 3. HP: 22/31 MP: 3/3
   526 | D:1      | Found a faded altar of an unknown god.
   679 | D:1      | Reached skill level 4 in Long Blades
   922 | D:2      | HP: 1/31 [poisoned by an adder]
   922 | D:2      | Slain by an adder

Illustrated notes

Levels and vault maps discovered:
D:1:      roderic_chinese_lattice_arrival, layout_rooms,
          shapermc_ecumenical_altar_starsandcircs, minmay_lizard_pond
D:2:      layout_basic, uniq_natasha

Skill      XL: |  1  2  3 |
---------------+----------+-----
Long Blades    | 3 4 |  4.4
Fighting       | |  3.6
Armour         | |  3.2
Shields        | |  3.2

Action                   || total
-------------------------++-------
Melee: Long sword        ||    99
       Whip              ||    37
Armor: Scale mail        ||    61
Dodge: Dodged            ||    29
Block: Kite shield       ||    75
       Rpst.: Long sword ||     7

Table legend: (Time is in decaauts)
 A = Elapsed time spent in this place.
 B = Non-inter-level travel time spent in this place.
 C = Inter-level travel time spent in this place.
 D = Time resting spent in this place.
 E = Time spent auto-exploring this place.
 F = Levels seen in this place.
 G = Mean time per level.
                   A        B        C        D        E       F      G
               +--------+--------+--------+--------+--------+-----+--------+
         Total |    979 |    963 |     16 |     54 |    619 |   2 |  489.5 |
       Dungeon |    979 |    963 |     16 |     54 |    619 |   2 |  489.5 |
               +--------+--------+--------+--------+--------+-----+--------+

Top non-repeatable levels by time:
     D:1: 897 daAuts
     D:2: 81 daAuts
